 Dungeon Crawl Stone Soup version 0.19.0-2-gae57169 (webtiles) character file.

2027 Gingerlord the Ducker (level 9, -4/68 HPs)
             Began as a Human Wanderer on Nov 6, 2016.
             Was a Believer of Okawaru.
             Slain by Whaleporn's ghost (13 damage)
             ... on level 8 of the Dungeon.
             The game lasted 00:18:25 (6554 turns).

Gingerlord the Ducker (Human Wanderer)              Turns: 6554, Time: 00:18:25

Health: -4/68      AC: 14    Str: 16    XL:     9   Next: 47%
Magic:  12/12      EV: 16    Int: 15    God:    Okawaru [**....]
Gold:   406        SH:  0    Dex: 14    Spells: 0 memorised, 8 levels left

rFire  . . .     SeeInvis +     x - +7 whip of the Water Diviner {slash, rN+ Int+4}
rCold  + . .     Gourm    .     n - +1 ring mail {rC+}
rNeg   + . .     Faith    .     (no shield)
rPois  .         Spirit   .     G - +0 helmet (curse)
rElec  .         Reflect  .     F - +0 cloak
rCorr  .         Harm     .     i - +0 pair of gloves
MR     .....                    a - +2 pair of boots
Stlth  +.........               s - amulet of rage
                                j - ring of see invisible
                                B - +2 ring of evasion

@: no status effects
A: no striking features
a: Heroism, Renounce Religion, Evoke Berserk Rage


You were on level 8 of the Dungeon.
You worshipped Okawaru.
Okawaru was pleased with you.
You were very hungry.

You visited 2 branches of the dungeon, and saw 9 of its levels.

You collected 406 gold pieces.

Inventory:

Hand Weapons
 w - a +0 war axe
 x - the +7 whip of the Water Diviner (weapon) {slash, rN+ Int+4}
   (You found it on level 4 of the Dungeon)

   It inflicts extra damage upon your enemies.
   It affects your intelligence (+4).
   It protects you from negative energy.
Armour
 a - a +2 pair of boots (worn)
 i - a +0 pair of gloves (worn)
 n - a +1 ring mail of cold resistance (worn)
 y - a +0 buckler
 D - a +0 plate armour
 F - a +0 cloak (worn)
 G - a cursed +0 helmet (worn)
Jewellery
 j - a ring of see invisible (right hand)
 s - an amulet of rage (around neck)
 B - a +2 ring of evasion (left hand)
Scrolls
 c - a scroll of recharging {unknown}
 e - 3 scrolls of magic mapping
 l - 4 scrolls of teleportation
 o - 2 scrolls of remove curse
 p - 3 scrolls of enchant weapon
 q - 4 scrolls of identify
 t - a scroll of enchant armour {unknown}
 v - a scroll of noise {unknown}
 E - a scroll of fear {unknown}
Potions
 g - a potion of agility
 h - 3 potions of flight
 k - a potion of resistance
 m - a potion of magic
 u - 2 potions of brilliance
 A - a potion of haste
 C - 2 potions of might {unknown}
Comestibles
 b - 5 meat rations
 d - a slice of pizza
 f - 11 bread rations
 z - 3 beef jerkies


   Skills:
 + Level 5.4 Fighting
 + Level 5.4(5.6) Axes
 - Level 2.0(3.9) Maces & Flails
 - Level 1.0 Throwing
 + Level 5.7 Armour
 + Level 6.5 Dodging
 - Level 1.0 Stealth
 + Level 4.1 Invocations


You had 8 spell levels left.
You didn't know any spells.

Dungeon Overview and Level Annotations

Branches:
Dungeon (8/15)             Temple (1/1) D:4
   Lair: D:8-11

Altars:
Ashenzari
Cheibriados
Dithmenos
Elyvilon
Fedhas
Gozag
Hepliaklqana
Kikubaaqudgha
Makhleb
Nemelex Xobeh
Okawaru
Qazlal
Ru
Sif Muna
Trog
Uskayaw
Vehumet
Xom
Yredelemnul
Zin
The Shining One

Annotations:
D:4 Clumber's ghost, novice MiFi
D:8 Whaleporn's ghost, novice OpMo


Message History

The bat hits you but does no damage. Whaleporn's ghost hits you!
* * * LOW HITPOINT WARNING * * *
You hit Whaleporn's ghost.
Whaleporn's ghost is almost destroyed.
Whaleporn's ghost hits you!
* * * LOW HITPOINT WARNING * * *
The bat misses you.
You barely miss Whaleporn's ghost.
Whaleporn's ghost is almost destroyed.
The bat hits you but does no damage. x2; Whaleporn's ghost hits you.
* * * LOW HITPOINT WARNING * * *
You feel better. The bat hits you.
* * * LOW HITPOINT WARNING * * *
Whaleporn's ghost hits you!
* * * LOW HITPOINT WARNING * * *
Okay, then.
Okay, then.
You feel better. The bat hits you but does no damage.
Whaleporn's ghost hits you!
You die...

## ..
.##.###########
.........b.@Wr#
.#.##..#####.#
##........#
.............#
.............#
.................
.................#
...................
........##.$#....###


You could see Whaleporn's ghost, a quokka and a bat.

Vanquished Creatures
  A hippogriff (D:7)
  A spriggan (D:7)
  Duvessa (D:7)
  An orc warrior (D:7)
  An ice beast (D:5)
  A phantom (D:4)
  A centaur (D:5)
  An ogre (D:7)
  2 bullfrogs
  Dowan (D:7)
  2 scorpions (D:4)
  2 crimson imps
  The ghost of HunfridMar the Cutter, a weakling SpMo (D:3)
  Crazy Yiuf (D:7)
  5 hounds
  An orc wizard (D:7)
  2 bullfrog skeletons
  3 orc priests
  2 iguanas
  6 worker ants
  3 gnolls (D:4)
  A worker ant zombie (D:5)
  A howler monkey skeleton (D:4)
  A river rat (D:4)
  3 adders
  A shadow imp (D:5)
  An ooze (D:1)
  An adder skeleton (D:7)
  4 worms
  A dart slug (D:3)
  6 leopard geckos
  20 orcs
  10 bats
  10 giant cockroaches
  9 goblins
  8 hobgoblins
  11 jackals
  4 quokkas
  7 frilled lizards
  A giant cockroach zombie (D:5)
  A jackal skeleton (D:4)
  7 kobolds
  14 rats
  A fungus (D:7)
162 creatures vanquished.

Notes
Turn   | Place    | Note
-------+----------+-------------------------------------------
     0 | D:1      | Gingerlord the Human Wanderer began the quest for the Orb.
     0 | D:1      | Gingerlord set off with: a +2 mace, a +0 hand axe, a potion of lignification, a +0 robe, a bread ration
     0 | D:1      | Reached XP level 1. HP: 15/15 MP: 1/1
   330 | D:1      | Reached XP level 2. HP: 20/21 MP: 2/2
   654 | D:1      | Reached XP level 3. HP: 21/26 MP: 3/3
   654 | D:1      | Reached skill level 1 in Axes
  1282 | D:2      | Reached XP level 4. HP: 30/33 MP: 4/4
  2209 | D:3      | Reached XP level 5. HP: 39/39 MP: 5/5
  2321 | D:3      | Found a faded altar of an unknown god.
  2372 | D:3      | Noticed a bullfrog
  2384 | D:3      | Killed a bullfrog
  2384 | D:3      | Reached skill level 4 in Dodging
  2455 | D:3      | Noticed HunfridMar's ghost (weakling SpMo)
  2499 | D:3      | Killed HunfridMar's ghost
  2499 | D:3      | Reached XP level 6. HP: 10/46 MP: 6/6
  3385 | D:4      | Found a staircase to the Ecumenical Temple.
  3387 | D:4      | Noticed Clumber's ghost (novice MiFi)
  3526 | D:4      | Got a transparent whip
  3527 | D:4      | Identified the +7 whip of the Water Diviner {slash, rN+ Int+4} (You found it on level 4 of the Dungeon)
  3621 | Temple   | Entered the Ecumenical Temple
  3705 | Temple   | Became a worshipper of Warmaster Okawaru
  3792 | D:4      | Reached XP level 7. HP: 52/52 MP: 7/7
  4637 | D:4      | Reached skill level 5 in Dodging
  4771 | D:5      | Entered Level 5 of the Dungeon
  4789 | D:5      | Reached XP level 8. HP: 58/60 MP: 8/8
  4798 | D:5      | Reached * piety under Okawaru
  4798 | D:5      | Reached skill level 1 in Invocations
  5434 | D:6      | You fall through a shaft!
  5561 | D:7      | Reached ** piety under Okawaru
  5561 | D:7      | Reached skill level 5 in Armour
  5624 | D:7      | Noticed Duvessa
  5624 | D:7      | Noticed Dowan
  5632 | D:7      | Killed Duvessa
  5636 | D:7      | Killed Dowan
  5636 | D:7      | Reached XP level 9. HP: 40/67 MP: 11/11
  5784 | D:7      | Found a runed door.
  5788 | D:7      | Noticed Crazy Yiuf
  5797 | D:7      | Killed Crazy Yiuf
  5797 | D:7      | Reached skill level 6 in Dodging
  5819 | D:7      | Noticed a hippogriff
  5829 | D:7      | Killed a hippogriff
  5829 | D:7      | Reached skill level 5 in Fighting
  5901 | D:7      | Reached skill level 5 in Axes
  6514 | D:8      | Noticed Whaleporn's ghost (novice OpMo)
  6552 | D:8      | HP: 3/68 [Whaleporn's ghost (6)]
  6553 | D:8      | HP: 1/68 [Whaleporn's ghost (9)]
  6554 | D:8      | Slain by Whaleporn's ghost

Skill      XL: |  1  2  3  4  5  6  7  8  9 |
---------------+----------------------------+-----
Axes           | 1 2 3 4 5 |  5.4
Fighting       | 2 3 4 5 |  5.4
Armour         | 3 4 5 |  5.7
Dodging        | 4 5 6 |  6.5
Invocations    | 3 4 |  4.1
Maces & Flails | |  2.0
Throwing       | |  1.0
Stealth        | |  1.0

Action                   |  1- 3 |  4- 6 |  7- 9 || total
-------------------------+-------+-------+-------++-------
Melee: Hand axe          |   144 |   193 |       ||   337
       War axe           |       |    40 |       ||    40
       Whip              |       |    10 |   317 ||   327
  Use: Scroll            |     1 |       |    11 ||    12
       Potion            |       |     3 |     3 ||     6
 Stab: Sleeping          |     2 |     1 |       ||     3
  Eat: Chunk             |     1 |     9 |     8 ||    18
Armor: Robe              |    20 |       |       ||    20
       Ring mail         |    71 |   105 |    85 ||   261
       Skin              |       |    20 |       ||    20
Dodge: Dodged            |   146 |   174 |   200 ||   520
